 Dungeon Crawl Stone Soup version 0.26.1-11-gd32895ea62 (webtiles) character file.

Game seed: 3254327122206490197

590 Zeld the Skirmisher (level 7, -2/50 HPs)
             Began as an Octopode Monk on May 18, 2021.
             Slain by a bullfrog zombie (4 damage)
             ... on level 5 of the Dungeon.
             The game lasted 00:06:29 (5645 turns).

Zeld the Skirmisher (Octopode Monk)                 Turns: 5645, Time: 00:06:29

Health: -2/50      AC:  1    Str: 12    XL:     7   Next: 39%
Magic:  7/7        EV: 16    Int: 13    God:
Gold:   112        SH:  0    Dex: 14    Spells: 6/6 levels left

rFire    . . .     SeeInvis .   a - +0 falchion
rCold    . . .     Faith    .   (no shield)
rNeg     . . .     Spirit   .   (helmet restricted)
rPois    .         Reflect  .   (no amulet)
rElec    .         Harm     .   (no ring)
rCorr    .         Rampage  .   (no ring)
Will     .....                  (no ring)
Stlth    +++.......             (no ring)
HPRegen  0.16/turn              (no ring)
MPRegen  0.10/turn              (no ring)
                                (no ring)
                                (no ring)

@: no status effects
A: almost no armour, stealthy swim, amphibious, 8 rings, constrict 8, camouflage
1, gelatinous body 1
a: no special abilities


You were on level 5 of the Dungeon.
You visited 1 branch of the dungeon, and saw 5 of its levels.

You collected 112 gold pieces.

Inventory:

Hand Weapons
 a - a +0 falchion (weapon)
Missiles
 e - 5 boomerangs (quivered)
Scrolls
 f - a scroll of fog
 i - a scroll of enchant weapon {unknown}
 j - a scroll of enchant armour
 l - a scroll of magic mapping
Potions
 b - a potion of attraction {unknown}
 g - 2 potions of lignification {unknown}
 h - a potion of resistance {unknown}
 m - a potion of flight {unknown}
 p - a potion of ambrosia {unknown}


   Skills:
 * Level 5.3 Fighting
 * Level 5.3 Long Blades
 * Level 5.3 Dodging
 - Level 2.6 Stealth


You had 6 spell levels left.
You didn't know any spells.
Your spell library contained the following spells:

 Spells                   Type           Power        Failure   Level
 Summon Small Mammal      Summ           0%           30%         1
 Call Imp                 Summ           0%           43%         2
 Call Canine Familiar     Summ           0%           67%         3
 Summon Guardian Golem    Hex/Summ       0%           67%         3
 Summon Ice Beast         Ice/Summ       0%           97%         4
 Summon Lightning Spire   Summ/Air       0%           97%         4


Dungeon Overview and Level Annotations

Branches:
Dungeon (5/15)
 Temple: D:4-7

Altars:
Trog
Yredelemnul

Annotations:
D:3 2 transporters, Zeld's ghost, amateur OpMo


Innate Abilities, Weirdness & Mutations

You cannot wear most types of armour.
You are very stealthy in the water. (Stealth+)
You are amphibious.
You can wear up to eight rings at the same time.
You can use your tentacles to constrict eight enemies at once.
Your skin changes colour to match your surroundings (Stealth+).
Your rubbery body absorbs attacks. (AC +1, EV +1)


Message History

The ogre shouts!
A giant cockroach zombie comes into view.
A centaur comes into view.
A bullfrog zombie comes into view.
The centaur shouts!
The centaur barely misses you. The centaur hits you.
* * * LOW HITPOINT WARNING * * *
Unknown command.
Okay, then.
As you read the scroll of fear, it crumbles to dust.
You assume a fearsome visage.
The bullfrog zombie is unaffected.
The centaur looks frightened!
The bullfrog zombie hits you.
* * * LOW HITPOINT WARNING * * *
Unknown command.
Blink to where?
Press: ? - help, Dir - move target
As you read the scroll of blinking, it crumbles to dust.
An adder comes into view.
The bullfrog zombie hits you.
You die...

#.......#
#........##.......# .
#........##.###O#######.
#........#.Z..........#.
#........#..###.#####.#.
......S#..#...##......
....................
#...............O..
#.@..............##
#..Z.............#
#....O...........#
#................#
#............###.#
#............###.#
#................#
#...........ยง#####
#............#


You could see an ogre, an adder (asleep), a bullfrog zombie and a giant
cockroach zombie (dormant).

Vanquished Creatures
  A human (D:3)
  A necrophage (D:3)
  An orc priest (D:3)
  3 orc wizards
  A bullfrog skeleton (D:4)
  An iguana (D:4)
  Terence (D:2)
  A worker ant (D:4)
  Robin (D:2)
  2 adders (D:3)
  3 gnolls (D:3)
  An adder skeleton (D:4)
  A worm (D:2)
  A dart slug (D:1)
  6 leopard geckos
  9 orcs
  4 giant cockroaches
  8 goblins
  8 hobgoblins
  2 jackals (D:3)
  2 quokkas
  A ball python (D:3)
  7 bats
  4 frilled lizards
  6 kobolds
  A kobold skeleton (D:3)
  A quokka skeleton (D:4)
  3 rats
81 creatures vanquished.

Notes
Turn   | Place    | Note
-------+----------+-------------------------------------------
     0 | D:1      | Zeld the Octopode Monk began the quest for the Orb.
     0 | D:1      | Reached XP level 1. HP: 16/16 MP: 1/1
   257 | D:1      | Reached XP level 2. HP: 21/21 MP: 2/2
  1164 | D:2      | Noticed Terence
  1711 | D:2      | Reached XP level 3. HP: 26/26 MP: 3/3
  1922 | D:2      | Killed Terence
  2149 | D:2      | Reached XP level 4. HP: 33/33 MP: 4/4
  2221 | D:2      | Noticed Robin
  2250 | D:2      | Killed Robin
  2251 | D:2      | HP: 1/33 [hobgoblin/+0 club[Robin] (3)]
  3079 | D:3      | Reached XP level 5. HP: 4/37 MP: 5/5
  3871 | D:3      | Found a transporter.
  3872 | D:3      | Noticed Zeld's ghost (amateur OpMo)
  4211 | D:3      | Noticed a necrophage
  4224 | D:3      | Killed a necrophage
  4225 | D:3      | Reached XP level 6. HP: 41/44 MP: 6/6
  4344 | D:3      | Noticed a human
  4345 | D:3      | Found a runed translucent door.
  4359 | D:3      | Found a basalt altar of Yredelemnul.
  4745 | D:3      | Found a transporter.
  5053 | D:3      | Killed a human
  5068 | D:3      | Reached skill level 5 in Fighting
  5072 | D:3      | Reached skill level 5 in Long Blades
  5072 | D:3      | Reached skill level 5 in Dodging
  5072 | D:3      | Reached XP level 7. HP: 41/50 MP: 7/7
  5219 | D:4      | Found a bloodstained altar of Trog.
  5612 | D:5      | Entered Level 5 of the Dungeon
  5636 | D:5      | HP: 1/50 [bullfrog zombie (3)]
  5645 | D:5      | Slain by a bullfrog zombie

Illustrated notes

Levels and vault maps discovered:
D:1:      tarquinn_simple_flora_water_a, layout_loops_ring,
          serial_co_window_serial, co_window_paths_a, co_window_paths_a,
          co_window_paths_a, co_window_paths_a, co_window_paths_a,
          co_window_paths_a, co_window_of_opportunity_a, co_window_cross_2,
          co_window_corner_cb, co_window_cross_3, co_window_broadway_a,
          co_window_paths_d, co_window_paths_e, glass_columns_b,
          glass_columns_a, glass_columns_b
D:2:      layout_basic, minmay_pentomino_t2, uniq_robin, uniq_terence
D:3:      layout_basic, gammafunk_ghost_arena, dk_yredelemnul_ordeal
D:4:      layout_gridville, bloody_trog, serial_shops, nicolae_shop_stone
D:5:      layout_basic, hex_intersection, fedhas_altar_1

Skill      XL: |  1  2  3  4  5  6 |
---------------+-------------------+-----
Fighting       | 4 5 |  5.3
Long Blades    | 4 5 |  5.3
Dodging        | 4 5 |  5.3
Stealth        | |  2.6

Action                   |  1- 3 |  4- 6 |  7- 9 || total
-------------------------+-------+-------+-------++-------
Melee: Falchion          |    57 |    97 |    30 ||   184
       Constrict         |    20 |    31 |    10 ||    61
       Tentacles         |    16 |    27 |     8 ||    51
  Use: Potion            |       |     2 |     1 ||     3
       Scroll            |       |     7 |     4 ||    11
 Stab: Sleeping          |     5 |     4 |     3 ||    12
       Distracted        |       |     1 |       ||     1
Armor: Skin              |     8 |     5 |     2 ||    15
Dodge: Dodged            |    37 |    86 |    26 ||   149
       Rpst.: Falchion   |     8 |    20 |     9 ||    37
